 Dungeon Crawl Stone Soup version 0.27.0-1-g7a089689b8 (webtiles) character file.

Game seed: 14108618065851777410

149 gimp the Chopper (level 5, 0/43 HPs)
             Began as a Barachi Chaos Knight on Aug 2, 2021.
             Was a Plaything of Xom.
             Slain by Pikel (3 damage)
             ... on level 3 of the Dungeon.
             The game lasted 00:06:02 (3242 turns).

gimp the Chopper (Barachi Chaos Knight)             Turns: 3242, Time: 00:06:03

Health: 0/43       AC:  7    Str: 11 (14) XL:     5   Next: 31%
Magic:  5/5        EV: 14    Int:  9 (13) God:    Xom [*.....]
Gold:   128        SH:  3    Dex:  8 (11) Spells: 4/4 levels left

rFire    . . .     SeeInvis +   n - +0 hand axe
rCold    . . .     Faith    .   o - +0 buckler
rNeg     . . .     Spirit   .   h - +3 leather armour
rPois    .         Reflect  .   (no helmet)
rElec    +         Harm     .   b - +0 cloak
rCorr    .         Rampage  .   (no gloves)
Will     .....                  (no boots)
Stlth    +.........             (no amulet)
HPRegen  0.14/turn              g - +4 ring of evasion
MPRegen  0.09/turn              l - ring of see invisible

@: brilliant, unable to read, unable to hop, slow
A: amphibious, slowness 1, strong legs 1, +LOS, deterioration 1, electricity
resistance, inability to read while threatened
a: Hop, Renounce Religion


You were on level 3 of the Dungeon.
You worshipped Xom.
You were a special plaything of Xom.
You visited 1 branch of the dungeon, and saw 5 of its levels.

You collected 128 gold pieces.

Inventory:

Hand Weapons
 a - a +0 hand axe of chaos
 n - a +0 hand axe (weapon)
Missiles
 e - 25 poisoned darts
Armour
 b - a +0 cloak (worn)
 h - a +3 leather armour (worn)
 m - a +0 kite shield
 o - a +0 buckler (worn)
Jewellery
 g - a +4 ring of evasion (left hand)
 l - a ring of see invisible (right hand)
Scrolls
 j - 2 scrolls of identify {unknown}
 k - 2 scrolls of teleportation {unknown}
 p - a scroll of fog {unknown}


   Skills:
 + Level 4.5 Fighting
 * Level 4.9 Axes
 + Level 3.7 Armour
 - Level 1.1 Dodging
 + Level 1.3 Shields


You had 4 spell levels left.
You didn't know any spells.
Your spell library contained the following spells:

 Spells                   Type           Power      Damage    Failure   Level
 Sublimation of Blood     Necr           0%         N/A       73%         2
 Wereblood                Tmut           0%         N/A       73%         2
 Summon Hydra             Summ           0%         N/A       100%        7


Dungeon Overview and Level Annotations

Branches:
Dungeon (5/15)             Temple (0/1) D:4

Altars:
Hepliaklqana
Uskayaw

Shops:
D:1 ![

Annotations:
D:3 Pikel


Innate Abilities, Weirdness & Mutations

You are amphibious.
You cover ground slowly.
You can hop short distances.
You have an extended range of vision and can be seen from far away.
Your body sometimes deteriorates upon taking damage.
You are resistant to electric shocks. (rElec)
You sometimes lose the ability to read scrolls when taking damage.


Message History

Xom roars with laughter!
Pikel hits you with a +2 whip of flaming!
* * * LOW HITPOINT WARNING * * *
Pikel burns you.
* * * LOW HITPOINT WARNING * * *
You take 5 damage, and have 2/43 hp.
Pikel cracks his whip.
Pikel barely misses you.
You regained 6 hp, and now have 8/43 hp.
You feel less invigorated.
You feel less confused.
You regained 4 hp, and now have 12/43 hp.
It was a potion of brilliance.
You feel clever all of a sudden.
Pikel hits you with a +2 whip of flaming.
* * * LOW HITPOINT WARNING * * *
Pikel burns you.
* * * LOW HITPOINT WARNING * * *
You take 7 damage, and have 5/43 hp.
You aren't carrying any items that you can evoke.
Unknown command.
You cannot read scrolls in your current state!
Pikel barely misses you.
You aren't carrying any items that you can evoke.
Unknown command.
Okay, then.
Unknown command.
You can read scrolls again.
Pikel hits you with a +2 whip of flaming.
You feel threatened and lose the ability to read scrolls!
* * * LOW HITPOINT WARNING * * *
Pikel burns you.
* * * LOW HITPOINT WARNING * * *
You take 5 damage, and have 1/43 hp.
You can read scrolls again.
Pikel barely misses you.
Pikel hits you with a +2 whip of flaming.
You feel threatened and lose the ability to read scrolls!
You die...
Xom titters!

.###....# #.# #..#
.# #.#..#
#.#####.[# #####
.# #.#..#
#.#>.....###...#
.# #.#..#
#.#.###......#.#
.###.#..###.#.#
######...#
............#.#
##.##
####.#.######.#
#.# .....#.#
#.#########.#
######.#
#...@K......# #.#
#..########## #.#
#..#
#.######..########
#......#.........#
######.#.#######.#
# #.#.# #.# #
#.#.# #.# 8 #.#.#
#.#


You could see Pikel.

Vanquished Creatures
  A lemure (D:3)
  6 adders
  2 ufetubi
  An adder zombie (D:2)
  2 adder skeletons (D:2)
  A worm (D:2)
  3 orcs (D:2)
  2 bat skeletons (D:2)
  2 bat zombies (D:2)
  4 endoplasms
  5 giant cockroaches
  6 goblins
  10 hobgoblins
  4 kobolds
  A quokka (D:2)
  5 ball pythons
  A ball python skeleton (D:2)
  2 ball python zombies
  8 bats
  3 frilled lizards
  A giant cockroach zombie (D:2)
  2 quokka skeletons (D:2)
  2 quokka zombies
  A rat (D:2)
75 creatures vanquished.

Vanquished Creatures (others)
  8 withered plants (D:2)
8 creatures vanquished.

Grand Total: 83 creatures vanquished

Notes
Turn   | Place    | Note
-------+----------+-------------------------------------------
     0 | D:1      | gimp the Barachi Chaos Knight began the quest for the Orb.
     0 | D:1      | Reached XP level 1. HP: 18/18 MP: 1/1
    45 | D:1      | XOM: silly message
   144 | D:1      | Reached XP level 2. HP: 25/25 MP: 2/2
   176 | D:1      | Found Beoryneu's Distillery.
   359 | D:1      | Found Zushofui's Antique Armour Shoppe.
   424 | D:1      | Found a faded altar of an unknown god.
   496 | D:1      | XOM: divination: detect creatures
   823 | D:2      | Reached XP level 3. HP: 29/30 MP: 3/3
   842 | D:2      | XOM: silly message
   878 | D:2      | XOM: enchant monster (bad)
  1104 | D:2      | Reached XP level 4. HP: 32/37 MP: 4/4
  1122 | D:2      | XOM: confusion (+ monsters)
  1181 | D:2      | XOM: summons 1 hostile shadow creature
  1769 | D:2      | Reached skill level 1 in Shields
  2061 | D:3      | XOM: give mutations
  2061 | D:3      | Gained mutation: You are frail. (-10% HP) [Xom's mischief]
  2061 | D:3      | Gained mutation: You are resistant to electric shocks.
                  | (rElec) [Xom's mischief]
  2061 | D:3      | Lost mutation: You are frail. (-10% HP) [Xom's mischief]
  2062 | D:3      | Reached XP level 5. HP: 38/43 MP: 5/5
  2153 | D:3      | Found a hide-covered altar of Uskayaw.
  2465 | D:3      | Found a hazy altar of Hepliaklqana.
  2682 | D:4      | XOM: give mutations
  2682 | D:4      | Gained mutation: You sometimes lose the ability to read
                  | scrolls when taking damage. [Xom's mischief]
  2682 | D:4      | Gained mutation: Your body sometimes deteriorates upon
                  | taking damage. [Xom's mischief]
  2720 | D:4      | Found a staircase to the Ecumenical Temple.
  2790 | D:4      | Noticed Pikel
  2790 | D:4      | Noticed a lemure
  2790 | D:4      | Noticed a lemure
  2790 | D:4      | Noticed a lemure
  2790 | D:4      | Noticed a lemure
  2861 | D:5      | Entered Level 5 of the Dungeon
  2909 | D:3      | XOM: noise
  2933 | D:3      | XOM: chaos cloud
  2939 | D:3      | Killed a lemure
  2949 | D:3      | a lemure changed into an ufetubus
  3202 | D:4      | Noticed a black bear
  3206 | D:4      | XOM: swap monsters
  3211 | D:4      | XOM: enchant monster (bad)
  3222 | D:3      | HP: 2/43 [Pikel (2)]
  3233 | D:3      | HP: 2/43 [Pikel (4)]
  3242 | D:3      | Slain by Pikel

Illustrated notes

Levels and vault maps discovered:
D:1:      saegor_arrival_fortress, layout_basic, serial_shops,
          nicolae_diamond_shop, shop, chequers_ecumenical_altar_twisty
D:2:      layout_loops_ring, serial_undead, serial_undead_b, serial_undead_b,
          serial_undead_a, serial_undead_f, serial_undead_f, serial_undead_e,
          serial_undead_b, serial_undead_a, serial_undead_a, serial_undead_e,
          guppyfry_early_orc_mine
D:3:      layout_loops_ring, lemuel_doored_altar, nicolae_overflow_hidden_temple
D:4:      layout_gridville, minmay_temple_entry_drinking_statues, uniq_pikel
D:5:      layout_cave_pools, ebering_ghost_rock_garden, kennysheep_potato

Skill      XL: |  1  2  3  4 |
---------------+-------------+-----
Fighting       | 4 |  4.5
Axes           | 4 |  4.9
Armour         | 3 |  3.7
Shields        | 1 |  1.3
Dodging        | |  1.1

Action                   |  1- 3 |  4- 6 || total
-------------------------+-------+-------++-------
Melee: Hand axe          |   101 |   231 ||   332
 Abil: Hop               |       |     3 ||     3
  Use: Potion            |       |     7 ||     7
 Stab: Paralysed         |     2 |     5 ||     7
       Confused          |       |     1 ||     1
Armor: Leather armour    |    39 |   101 ||   140
Dodge: Dodged            |   110 |   181 ||   291
Block: Kite shield       |     3 |    53 ||    56
       Buckler           |       |    20 ||    20
